 Dungeon Crawl Stone Soup version 0.28.0 (webtiles) character file.

Game seed: 4055203061122989897

177334 mcwallace the Warrior (level 18, -5/173 HPs)
             Began as a Hill Orc Fighter on Feb 18, 2022.
             Was a High Priest of the Shining One.
             Killed by divine providence
             ... invoked by a smoke demon
              (16 damage)
             ... on level 3 of the Abyss.
             The game lasted 01:56:07 (38655 turns).

mcwallace the Warrior (Hill Orc Fighter)           Turns: 38655, Time: 01:56:08

Health: -5/173     AC: 39    Str: 27    XL:     18   Next: 16%
Magic:  24/30      EV:  9    Int: 19    God:    the Shining One [*****.]
Gold:   1654       SH: 24    Dex: 13    Spells: 17/17 levels left

rFire   . . .      SeeInvis .   a - +6 war axe (flame) {axe}
rCold   . . .      Faith    .   j - +2 tower shield
rNeg    + + .      Spirit   .   v - +4 plate armour
rPois   +          Reflect  +   S - +2 helmet
rElec   .          Harm     .   U - +2 cloak {rPois}
rCorr   .          Rampage  .   e - +0 pair of gloves of the Stallion {Regen+ Int+5 Stlth+}
Will    ++...      Clarity  +   M - +2 pair of boots
Stlth   ..........              c - amulet of reflection
HPRegen 0.00/turn               I - ring "Fivuppoy" {AC+4 Int+2 Dex+3}
MPRegen 0.22/turn               o - ring "Peixt" {Will+ Str+2 Int+4}

@: sick, glowing
A: iridescent scales 1, clarity, mutation resistance 1, poison resistance, weak
1
a: Renounce Religion, Divine Shield, Cleansing Flame, Summon Divine Warrior


You were on level 3 of the Abyss.
You worshipped the Shining One.
The Shining One was extremely pleased with you.
You visited 6 branches of the dungeon, and saw 28 of its levels.
You visited the Abyss 1 time.
You also visited: Sewer and Ice Cave.

You collected 2840 gold pieces.
You spent 1186 gold pieces at shops.


Innate Abilities, Weirdness & Mutations

You are partially covered in iridescent scales. (AC +2)
You possess an exceptional clarity of mind.
You are somewhat resistant to further mutation.
Your system is resistant to poisons. (rPois)
You are weak. (Str -2)


   Skills:
 + Level 18.4 Fighting
 - Level 15.3 Axes
 + Level 9.5 Slings
 - Level 14.2 Armour
 - Level 10.1 Dodging
 + Level 11.7 Shields
 - Level 17.4 Invocations
 - Level 5.0 Evocations


You had 17 spell levels left.
You didn't know any spells.
Your spell library contained the following spells:

 Spells                   Type           Power      Damage    Failure   Level
 Foxfire                  Conj/Fire      0%         2x1d4     100%        1
 Pain                     Necr           0%         1d4       100%        1
 Ensorcelled Hibernation  Hex/Ice        0%         N/A       100%        2
 Passwall                 Tmut/Erth      0%         N/A       100%        2
 Scorch                   Fire           0%         2d5       100%        2
 Static Discharge         Conj/Air       0%         N/A       100%        2
 Conjure Flame            Conj/Fire      0%         6-21      100%        3
 Frozen Ramparts          Ice            0%         1d2       100%        3
 Inner Flame              Hex/Fire       0%         N/A       100%        3
 Portal Projectile        Hex/Tloc       0%         N/A       100%        3
 Summon Guardian Golem    Hex/Summ       0%         N/A       100%        3
 Swiftness                Air            0%         N/A       100%        3
 Animate Dead             Necr           0%         N/A       100%        4
 Dispel Undead            Necr           0%         3d6       100%        4
 Flame Wave               Conj/Fire      0%         2d4       100%        4
 Ice Form                 Ice/Tmut       0%         N/A       100%        4
 Olgreb's Toxic Radiance  Pois           0%         N/A       100%        4
 Sticky Flame             Conj/Fire      0%         2d3       100%        4
 Summon Ice Beast         Ice/Summ       0%         N/A       100%        4
 Summon Lightning Spire   Summ/Air       0%         N/A       100%        4
 Agony                    Necr           0%         N/A       100%        5
 Blade Hands              Tmut           0%         N/A       100%        5
 Borgnjor's Vile Clutch   Necr/Erth      0%         N/A       100%        5
 Excruciating Wounds      Necr           0%         N/A       100%        5
 Irradiate                Conj/Tmut      0%         3d13      100%        5
 Death Channel            Necr           0%         N/A       100%        6
 Summon Cactus Giant      Summ           0%         N/A       100%        6
 Orb of Destruction       Conj           0%         9d5       100%        7
 Ozocubu's Refrigeration  Ice            0%         4d5       100%        7
 Spellforged Servitor     Conj/Summ      0%         N/A       100%        7
 Storm Form               Tmut/Air       0%         N/A       100%        7
 Ignition                 Fire           0%         3d3       100%        8
 Maxwell's Capacitive Co  Air            0%         โˆž       100%        8

Inventory:

Hand Weapons
 a - a +6 war axe of flaming (weapon) {axe}
   (You took it off an orc warlord on level 1 of the Orcish Mines)
Missiles
 f - 2 javelins {throwing}
 n - 17 poisoned darts (quivered) {throwing}
 q - 5 curare-tipped darts {=fthrowing}
 E - 2 throwing nets {=f!fthrowing}
 J - 3 atropa-tipped darts {throwing}
 V - 7 boomerangs of dispersal {=f!fthrowing}
Armour
 e - the +0 pair of gloves of the Stallion (worn) {Regen+ Int+5 Stlth+}
   (You found it on level 3 of the Spider Nest)

   Int:       It affects your intelligence (+5).
   Regen:     It increases your rate of health regeneration.
   Stlth:     It makes you more stealthy.
 j - a +2 tower shield (worn)
   (You bought it in a shop on level 2 of the Orcish Mines)
 v - a +4 plate armour (worn)
   (You took it off an orc warrior on level 2 of the Orcish Mines)
 M - a +2 pair of boots (worn)
   (You found it on level 4 of the Lair of Beasts)
 S - a +2 helmet (worn)
   (You found it on level 6 of the Dungeon)
 U - a +2 cloak of poison resistance (worn)
   (You found it on level 4 of the Lair of Beasts)
Jewellery
 b - a +4 ring of protection
   (You found it on level 5 of the Lair of Beasts)
 c - an amulet of reflection (around neck)
   (You bought it in a shop on level 2 of the Orcish Mines)
 o - the ring "Peixt" (right hand) {Will+ Str+2 Int+4}
   (You bought it in a shop on level 2 of the Orcish Mines)

   [ring of willpower]

   Str:       It affects your strength (+2).
   Int:       It affects your intelligence (+4).
   Will:      It increases your willpower.
 I - the ring "Fivuppoy" (left hand) {AC+4 Int+2 Dex+3}
   (You found it on level 5 of the Dungeon)

   [ring of protection]

   AC:        It affects your AC (+4).
   Int:       It affects your intelligence (+2).
   Dex:       It affects your dexterity (+3).
Wands
 l - a wand of polymorph (16)
   (You found it on level 8 of the Dungeon)
 t - a wand of acid (10)
   (You found it in a sewer)
 F - a wand of mindburst (13)
   (You found it on level 10 of the Dungeon)
 N - a wand of digging (6)
   (You found it on level 5 of the Dungeon)
 Q - a wand of iceblast (23)
   (You found it on level 6 of the Dungeon)
 Y - a wand of flame (40)
   (You took it off Pikel on level 7 of the Dungeon)
Scrolls
 g - 7 scrolls of amnesia
 h - 2 scrolls of silence {!r}
 i - a scroll of brand weapon
 p - a scroll of torment {forbidden!r}
 s - 13 scrolls of teleportation {@r4}
 u - 4 scrolls of fear
 y - 6 scrolls of magic mapping {!r}
 C - 4 scrolls of enchant armour
 D - 3 scrolls of fog
 G - a scroll of immolation {!r!r}
 O - 2 scrolls of summoning
 P - 2 scrolls of holy word
 R - 4 scrolls of vulnerability {!r!r}
Potions
 d - 3 potions of might
 k - 2 potions of haste {unknown}
 m - a potion of ambrosia {unknown}
 r - 3 potions of flight
 w - a potion of mutation {!q}
 x - 3 potions of resistance
 z - 4 potions of attraction {unknown}
 B - 2 potions of curing {@q1}
 H - 2 potions of lignification {unknown}
 K - 4 potions of degeneration {unknown}
 L - 2 potions of cancellation {unknown}
 W - a potion of magic {unknown}
 X - 2 potions of berserk rage {unknown}
 Z - 5 potions of brilliance
Miscellaneous
 A - a tin of tremorstones (2/2) {throwing}
   (You found it on level 1 of the Spider Nest)
 T - a piece from Xom's chessboard (15/15)
   (You found it on level 2 of the Shoals)

Dungeon Overview and Level Annotations

Branches:
Dungeon (12/15)            Temple (1/1) D:4            Lair (6/6) D:9
 Shoals (3/4) Lair:3       Spider (4/4) Lair:2        Slime (0/5) Lair:6
    Orc (2/2) D:9             Elf (0/3) Orc:2         Sewer (visited)
  IceCv (visited)

Altars:
Cheibriados
Dithmenos
Elyvilon
Fedhas
Gozag
Hepliaklqana
Kikubaaqudgha
Makhleb
Nemelex Xobeh
Okawaru
Qazlal
Ru
Sif Muna
Trog
Uskayaw
Vehumet
Wu Jian
Xom
Yredelemnul
Zin
The Shining One

Shops:
D:5 [   Orc:1 *   Orc:2 ![=   Shoals:2 *

Portals:
Pandemonium: Orc:2

Annotations:
D:3 1 runed translucent door, Crazy Yiuf
D:4 3 runed translucent doors, ddubois's ghost, amateur OpCA; enile's ghost, novice FoFi
Shoals:3 Ilsuiw

## ######## #
#.##...@..# .
..#####3.#### .
###..####....# .
# #.# .#..ยง##.##
#.
#..#..#3#ยง......
##.##
...#.#.##.##.
##.#.## #..# #. .
.....##3 ##
.#..##### # #..


You could see a smoke demon.


Message History

You lost 5 mp, and now have 15/30 mp.
You hit the ancient zyme. You burn the ancient zyme.
You hit the thrashing horror but do no damage.
You block the thrashing horror's attack.
The thrashing horror tramples you but does no damage.
The ancient zyme hits you but does no damage.
You block the ancient zyme's attack. ๐Ÿ˜จ MP[+1]
You completely miss the ancient zyme. You hit the shadow wraith.
You burn the shadow wraith. The thrashing horror tramples you!
* * * LOW HITPOINT WARNING * * *
You hold your ground!
You block the thrashing horror's attack.
The shadow wraith hits you!
* * * LOW HITPOINT WARNING * * *
The shadow wraith drains your vigour!
You feel yourself slow down.
The ancient zyme hits you but does no damage.
You block the ancient zyme's attack. ๐Ÿ˜จ HP[-21]
You take 21 damage, and now have 51/173 hp.
Activating: Cleansing Flame (0% risk of failure)
Press: ? - help, Dir - look around, f - activate The golden flame engulfs you but does no damage.
You resist.
The golden flame engulfs the shadow wraith!!
The shadow wraith writhes in agony!
The golden flame engulfs the ancient zyme!!
You destroy the ancient zyme!
That felt strangely unrewarding.
The golden flame engulfs the thrashing horror!!
You destroy the thrashing horror!
That felt strangely unrewarding.
You block the shadow wraith's attack. x2 ๐Ÿ˜จ MP[-5]
You lost 5 mp, and now have 11/30 mp.
You slash the shadow wraith! You burn the shadow wraith.
You are suddenly pulled into a different region of the Abyss! ๐Ÿ˜จ MP[+1]
You feel yourself speed up. ๐Ÿ˜จ MP[+1]
You feel better. ๐Ÿ˜จ HP[+5]
You regained 5 hp, and now have 56/173 hp. ๐Ÿ˜จ MP[+1] ๐Ÿ˜จ MP[+1]
A spatial vortex comes into view.
A spatial maelstrom comes into view. ๐Ÿ˜จ MP[+1] ๐Ÿ˜จ MP[+1] ๐Ÿ˜จ MP[+1] ๐Ÿ˜จ MP[+1]
An iron imp comes into view.
The iron imp shouts! ๐Ÿ˜จ MP[+1]
You hit the iron imp but do no damage. You hit the iron imp but do no damage.
The iron imp barely misses you. ๐Ÿ˜จ MP[+1]
You hit the iron imp but do no damage. You block the iron imp's attack.
You slice the iron imp!!
You kill the iron imp!
That felt strangely unrewarding.
A smoke demon comes into view.
The smoke demon roars! ๐Ÿ˜จ MP[+1]
The smoke demon gestures at you. The ball of steam hits you.
* * * LOW HITPOINT WARNING * * *
๐Ÿ˜จ HP[-6]
You take 6 damage, and now have 50/173 hp. ๐Ÿ˜จ MP[+1]
The smoke demon gestures at you.
The ball of steam hits you but does no damage.
You are engulfed in a cloud of scalding steam.
* * * LOW HITPOINT WARNING * * *
๐Ÿ˜จ HP[-6] MP[+1]
You take 6 damage, and now have 44/173 hp.
You slash the smoke demon!
You are engulfed in a cloud of scalding steam.
You block the smoke demon's attack.
The smoke demon hits you but does no damage.
You block the smoke demon's attack.
You barely miss the smoke demon.
You are engulfed in a cloud of scalding steam.
* * * LOW HITPOINT WARNING * * *
The smoke demon gestures at you. Something smites you!
* * * LOW HITPOINT WARNING * * *
๐Ÿ˜ฑ HP[-14]
You take 14 damage, and now have 30/173 hp.
You slice the smoke demon!! You burn the smoke demon.
You are engulfed in a cloud of scalding steam.
* * * LOW HITPOINT WARNING * * *
The smoke demon gestures at you. Something smites you!
* * * LOW HITPOINT WARNING * * *
๐Ÿ˜ฑ HP[-19]
You take 19 damage, and now have 11/173 hp.
You hit the smoke demon. The smoke demon gestures at you. Something smites you!
You die...

Skill      XL: |  1  2  3  4  5  6  7  8  9 10 11 12 13 14 15 16 17 |
---------------+----------------------------------------------------+-----
Axes           | 3 4 5 6 7 8 10 11 12 14 15 | 15.3
Fighting       | 4 5 6 7 8 9 11 12 13 14 15 16 18 | 18.4
Shields        | 4 5 6 8 11 | 11.7
Armour         | 4 5 6 7 9 10 11 12 13 14 | 14.2
Invocations    | 3 5 8 9 11 12 14 15 16 17 | 17.4
Dodging        | 2 3 5 6 7 8 9 10 | 10.1
Evocations     | 1 4 5 |  5.0
Slings         | 4 6 9 |  9.5

Action                   |  1- 3 |  4- 6 |  7- 9 | 10-12 | 13-15 | 16-18 || total
-------------------------+-------+-------+-------+-------+-------+-------++-------
Melee: War axe           |   102 |   182 |   238 |   553 |  1097 |   812 ||  2984
Throw: Dart              |       |       |       |     8 |       |       ||     8
Invok: Divine Shield     |       |       |       |     2 |     2 |     3 ||     7
       Cleansing Flame   |       |       |       |     1 |       |    15 ||    16
       Summon Divine War |       |       |       |       |     8 |    11 ||    19
Evoke: Wand              |       |       |     6 |     4 |     5 |       ||    15
       Tin of tremorston |       |       |       |       |       |     2 ||     2
  Use: Potion            |       |     1 |       |     5 |     1 |    11 ||    18
       Scroll            |       |       |     7 |    12 |    10 |    14 ||    43
Armor: Scale mail        |    54 |   114 |   104 |   146 |       |       ||   418
       Chain mail        |       |       |       |   111 |   292 |       ||   403
       Plate armour      |       |       |       |       |   308 |   701 ||  1009
Dodge: Dodged            |    49 |   113 |   127 |   314 |   469 |   389 ||  1461
Block: Buckler           |    28 |    52 |    77 |   197 |   278 |   157 ||   789
       Tower shield      |       |       |       |       |       |   613 ||   613
       Reflection        |       |       |       |       |       |    62 ||    62

Levels and vault maps discovered:
D:1:      zaba_arrival_water, layout_loops_ring, serial_park_tiny_pond,
          minmay_pentomino_w2
D:2:      layout_loops_ring, hellmonk_ecumenical_altar_run_dry
D:3:      layout_loops_corners, yredelemnul_forgotten_temple_becter,
          nicolae_overflow_hidden_temple, cheibrodos_sewer_entry_bend,
          kennysheep_flooded_box, kennysheep_generic_room_16,
          uniq_crazy_yiuf_cottage, uniq_natasha, uniq_grinder
D:4:      layout_loops_corners, minmay_temple_entry_offerings,
          gammafunk_ghost_cemetery, minmay_misc_feat_x
D:5:      layout_gridville, lemuel_crystal_altar, kennysheep_mini_moat,
          serial_shops, shop
D:6:      layout_layer_cave, nicolae_vehumet_altar_sigil,
          mainiacjoe_overflow_paths
D:7:      layout_rooms, minmay_holes, grunt_ministairs_15, serial_bayou_pond_b,
          uniq_pikel, uniq_prince_ribbit1
D:8:      layout_loops_corners, columned_hall_lemuel
D:9:      layout_stronghold, trog_book, lair_entry_dummy, erik_orc_3
D:10:     layout_grid_maze
D:11:     layout_loops_ring
D:12:     layout_irregular_city
Temple:   regret_index_temple_generic_petals
Lair:1:   layout_cave_pods, st_stairs_6, grunt_megastairs_1,
          serial_bayou_shore_b, serial_bayou_shore_b, uniq_gastronok
Lair:2:   layout_regular_city, nicolae_spider_entry_orb_guardian,
          grunt_forest_large_clearings
Lair:3:   nzn_winding_woodlands_medium [nzn_winding_woodlands_5x5_default,
          nzn_winding_woodlands_5x15_longhouse, nzn_winding_woodlands_5x5_three,
          nzn_winding_woodlands_5x5_default,
          nzn_winding_woodlands_center_garden,
          nzn_winding_woodlands_5x5_checkerboard,
          nzn_winding_woodlands_hourglass,
          nzn_winding_woodlands_5x15_sidewinder,
          nzn_winding_woodlands_5x5_open_star], layout_loops_ring,
          elwin_shoals_entry_rocks
Lair:4:   layout_loops_ring, chequers_serial_rivers_room_a,
          hangedman_tree_tricks, grunt_megastairs_2,
          infiniplex_staircase_pool_2, lemuel_fruit_tree
Lair:5:   beast_lair_carwin_large_3, layout_regular_city, minivault_23
Lair:6:   grunt_lair_end_beastmaster, layout_long_grid, slime_dummy,
          portal_ice_cave_demonic_guard
Shoals:1: layout_shoals, nicolae_shoals_lost_giant_pillars,
          nicolae_shoals_nymph_descending_staircase
Shoals:2: layout_shoals, serial_shops, shop, nicolae_shoals_water_booths
Shoals:3: layout_shoals, nicolae_shoals_spring_well_temple, uniq_ilsuiw
Spider:1: nicolae_spider_mines_3, uniq_rupert, uniq_josephine, uniq_frances
Spider:2: layout_spider_delve, hellmonk_deceptive_appearances
Spider:3: layout_spider_delve, gammafunk_ghost_tricky_traps,
          nicolae_spider_paper_wasps
Spider:4: spider_rune_water, hellmonk_ghost_happy_afterlife, drop_trap,
          spiders_nest_ghost_moth_duel
Orc:1:    layout_caves, nicolae_shop_gadgets
Orc:2:    pf_orc_diabolical, layout_caves, nicolae_orc_rockfall
Abyss:3:  base: D:1, hangedman_decor_riveting, serial_sigils_hangedman_gut,
          guppyfry_abyss_exit_glass_guarded,
          hangedman_abyss_or_decor_lesser_grid, evilmike_abyss_exit_mutagenic,
          abyss_furniture_001, hangedman_abyss_mock_shop,
          hangedman_decor_peaks_small, minivault_24,
          hangedman_abyss_or_decor_lesser_grid, hangedman_summoners_spam

Notes
Turn   | Place    | Note
-------+----------+-------------------------------------------
     0 | D:1      | mcwallace the Hill Orc Fighter began the quest for the Orb.
     0 | D:1      | Reached XP level 1. HP: 19/19 MP: 1/1
     0 | D:1      | magus.rc [v1.9.6]
   222 | D:1      | Reached XP level 2. HP: 20/27 MP: 2/2
   230 | D:1      | Reached skill level 3 in Axes
   653 | D:1      | Reached skill level 4 in Fighting
   654 | D:1      | Reached XP level 3. HP: 33/33 MP: 3/3
   670 | D:1      | You pick up a book of the Sky and begin reading...
   670 | D:1      | You add the spells Summon Lightning Spire, Storm Form and
                  | Maxwell's Capacitive Coupling to your library.
  1762 | D:2      | Found a faded altar of an unknown god.
  1771 | D:2      | Reached XP level 4. HP: 24/40 MP: 4/4
  1821 | D:2      | HP: 7/40 [gnoll (7)]
  2082 | D:2      | Reached skill level 4 in Shields
  2368 | D:2      | Reached skill level 4 in Armour
  2858 | D:3      | Noticed Natasha
  2862 | D:3      | Killed Natasha
  2863 | D:3      | Reached skill level 4 in Axes
  2863 | D:3      | Reached XP level 5. HP: 47/47 MP: 5/5
  2927 | D:3      | Found a basalt altar of Yredelemnul.
  2945 | D:3      | Noticed Natasha
  2970 | D:3      | Killed Natasha
  3075 | D:3      | Found a glowing drain.
  3102 | Sewer    | Entered a sewer
  3501 | Sewer    | Reached XP level 6. HP: 25/55 MP: 6/6
  3685 | Sewer    | Reached skill level 5 in Fighting
  4124 | Sewer    | Reached skill level 5 in Axes
  4127 | Sewer    | Reached skill level 5 in Armour
  4127 | Sewer    | Reached skill level 5 in Shields
  4127 | Sewer    | Reached XP level 7. HP: 53/61 MP: 7/7
  4309 | D:3      | Noticed Natasha
  4316 | D:3      | Killed Natasha
  4384 | D:3      | Found a runed translucent door.
  4385 | D:3      | Noticed Crazy Yiuf
  4745 | D:3      | Found a burning altar of Makhleb.
  4793 | D:3      | Noticed Grinder
  4809 | D:3      | Paralysed by Grinder for 5 turns
  4818 | D:3      | Paralysed by Grinder for 3 turns
  4822 | D:3      | Killed Grinder
  4823 | D:3      | Reached skill level 6 in Fighting
  4823 | D:3      | Reached skill level 6 in Axes
  5100 | D:4      | Found a staircase to the Ecumenical Temple.
  5105 | Temple   | Entered the Ecumenical Temple
  5141 | Temple   | Reached XP level 8. HP: 52/71 MP: 8/8
  5425 | Temple   | Became a worshipper of the Shining One
  5469 | D:4      | You pick up a book of Rime and begin reading...
  5469 | D:4      | You add the spells Frozen Ramparts, Ice Form and Summon Ice
                  | Beast to your library.
  5663 | D:4      | Found a runed translucent gate.
  5663 | D:4      | Found a runed translucent gate.
  5663 | D:4      | Found a runed translucent gate.
  5664 | D:4      | Noticed ddubois's ghost (amateur OpCA)
  5664 | D:4      | Noticed enile's ghost (novice FoFi)
  5732 | D:4      | Reached skill level 1 in Invocations
  5882 | D:4      | Reached skill level 6 in Armour
  6256 | D:4      | Reached skill level 1 in Dodging
  6446 | D:4      | Reached skill level 2 in Invocations
  6631 | D:5      | Entered Level 5 of the Dungeon
  6752 | D:5      | Reached skill level 7 in Axes
  6889 | D:5      | Identified the ring "Fivuppoy" {AC+4 Int+2 Dex+3}
  6918 | D:5      | Reached skill level 7 in Fighting
  6918 | D:5      | Reached skill level 3 in Invocations
  7058 | D:5      | Found a shimmering blue altar of Sif Muna.
  7064 | D:5      | Found Ziclikoup's Antique Armour Shoppe.
  7069 | D:5      | Reached skill level 2 in Dodging
  7129 | D:5      | Reached XP level 9. HP: 79/79 MP: 11/11
  7139 | D:5      | Found an ornate altar of the Wu Jian Council.
  7331 | D:6      | Reached skill level 4 in Invocations
  7357 | D:6      | Found a blossoming altar of Fedhas.
  7497 | D:6      | Reached * piety under the Shining One
  7637 | D:6      | Found a radiant altar of Vehumet.
  7684 | D:6      | Reached skill level 7 in Armour
  7975 | D:6      | Reached skill level 8 in Axes
  8377 | D:7      | Noticed Prince Ribbit
  8402 | D:6      | Killed Prince Ribbit
  8417 | D:7      | Reached skill level 3 in Dodging
  8451 | D:7      | Reached skill level 5 in Invocations
  8580 | D:6      | Reached skill level 8 in Fighting
  8687 | D:7      | Identified the +3 long sword of the Magi {vorpal, SInv}
  8864 | D:7      | Noticed Pikel
  8893 | D:7      | Killed Pikel
  8894 | D:7      | Reached XP level 10. HP: 64/90 MP: 14/14
  8899 | D:7      | Reached skill level 9 in Axes
  8899 | D:7      | Reached skill level 6 in Invocations
  9588 | D:8      | Reached ** piety under the Shining One
  9595 | D:8      | Reached skill level 8 in Armour
  9674 | D:8      | Reached skill level 4 in Dodging
 10175 | D:8      | Reached skill level 9 in Fighting
 10202 | D:8      | Reached skill level 7 in Invocations
 10605 | D:9      | Found a staircase to the Orcish Mines.
 11085 | D:9      | Noticed a two-headed ogre
 11095 | D:9      | Reached *** piety under the Shining One
 11104 | D:9      | Killed a two-headed ogre
 11105 | D:9      | Reached skill level 10 in Axes
 11378 | D:9      | Found a staircase to the Lair.
 11505 | D:9      | Found a bloodstained altar of Trog.
 11637 | D:9      | Noticed a two-headed ogre
 11645 | D:9      | Killed a two-headed ogre
 11646 | D:9      | Reached skill level 9 in Armour
 11646 | D:9      | Reached skill level 5 in Dodging
 11646 | D:9      | Reached skill level 8 in Invocations
 11646 | D:9      | Reached XP level 11. HP: 89/99 MP: 15/17
 11835 | D:10     | Entered Level 10 of the Dungeon
 12009 | D:10     | Reached skill level 10 in Fighting
 12144 | D:10     | You pick up a book of Unlife and begin reading...
 12144 | D:10     | You add the spells Animate Dead, Borgnjor's Vile Clutch and
                  | Death Channel to your library.
 13015 | Lair:1   | Entered Level 1 of the Lair of Beasts
 13539 | Lair:1   | Noticed a four-headed hydra
 13550 | Lair:1   | Killed a one-headed hydra
 13795 | Lair:1   | Reached skill level 11 in Axes
 14041 | Lair:1   | Noticed Gastronok
 14110 | Lair:1   | HP: 10/101 [Gastronok/the air (17)]
 14117 | Lair:1   | HP: 23/101 [Gastronok/the air (24)]
 14122 | Lair:1   | Killed Gastronok
 14123 | Lair:1   | Reached skill level 9 in Invocations
 14982 | Lair:2   | Noticed a spriggan rider
 15217 | Lair:2   | Reached skill level 6 in Dodging
 15217 | Lair:2   | Reached skill level 1 in Evocations
 15227 | Lair:1   | Reached skill level 10 in Armour
 15509 | Lair:2   | Reached skill level 11 in Fighting
 15509 | Lair:2   | Reached XP level 12. HP: 110/110 MP: 19/19
 15522 | Lair:2   | Reached skill level 2 in Evocations
 15522 | Lair:2   | HP: 27/110 [wolf (4)]
 15879 | Lair:2   | Reached skill level 10 in Invocations
 16202 | Lair:2   | Reached skill level 12 in Axes
 16214 | Lair:2   | Reached skill level 3 in Evocations
 16678 | Lair:2   | Found a hole to the Spider Nest.
 17198 | Lair:3   | Noticed an eight-headed hydra
 17209 | Lair:2   | Killed a three-headed hydra
 17732 | Lair:3   | Reached skill level 4 in Evocations
 17801 | Lair:3   | Noticed a catoblepas
 17823 | Lair:3   | Killed a catoblepas
 17824 | Lair:3   | Reached skill level 11 in Armour
 17824 | Lair:3   | Noticed a five-headed hydra
 17835 | Lair:3   | Killed a one-headed hydra
 17836 | Lair:3   | Reached skill level 7 in Dodging
 17837 | Lair:3   | Reached skill level 12 in Fighting
 17837 | Lair:3   | Reached skill level 11 in Invocations
 18082 | Lair:3   | Reached XP level 13. HP: 53/118 MP: 21/21
 18686 | Lair:3   | Reached **** piety under the Shining One
 18692 | Lair:3   | Reached skill level 13 in Axes
 19010 | Lair:3   | Reached skill level 5 in Evocations
 19249 | Lair:3   | Found a staircase to the Shoals.
 20384 | Lair:4   | Reached skill level 12 in Invocations
 20483 | Lair:4   | Reached skill level 12 in Armour
 20657 | Lair:4   | Reached skill level 13 in Fighting
 20661 | Lair:4   | Reached skill level 8 in Dodging
 20945 | Lair:4   | Reached skill level 14 in Axes
 21137 | Lair:4   | Found a blossoming altar of Fedhas.
 21661 | Lair:4   | Reached XP level 14. HP: 122/129 MP: 23/23
 22286 | Lair:5   | You pick up a book of Weapons and begin reading...
 22286 | Lair:5   | You add the spells Portal Projectile, Excruciating Wounds
                  | and Blade Hands to your library.
 22557 | Lair:5   | You pick up a book of Touch and begin reading...
 22557 | Lair:5   | You add the spells Static Discharge, Sticky Flame and
                  | Dispel Undead to your library.
 22655 | Lair:5   | Reached ***** piety under the Shining One
 23355 | Lair:6   | Entered Level 6 of the Lair of Beasts
 23388 | Lair:6   | Reached skill level 13 in Invocations
 23647 | Lair:6   | Found a staircase to the Slime Pits.
 23817 | Lair:6   | Found a frozen archway.
 23842 | IceCv    | Entered an ice cave
 24365 | IceCv    | Reached skill level 14 in Fighting
 24749 | IceCv    | Reached skill level 15 in Axes
 24761 | IceCv    | Reached skill level 13 in Armour
 24799 | IceCv    | Noticed a reaper
 24804 | IceCv    | Killed a reaper
 24805 | IceCv    | Reached skill level 9 in Dodging
 25565 | Lair:6   | Reached skill level 14 in Invocations
 25565 | Lair:6   | Reached XP level 15. HP: 136/139 MP: 25/25
 26066 | D:11     | You pick up a book of Scorching and begin reading...
 26066 | D:11     | You add the spells Scorch, Flame Wave and Summon Cactus
                  | Giant to your library.
 26248 | D:11     | Reached skill level 1 in Slings
 26404 | D:11     | Reached ****** piety under the Shining One
 27114 | D:12     | Reached skill level 2 in Slings
 27752 | Orc:1    | Entered Level 1 of the Orcish Mines
 27952 | Orc:2    | Entered Level 2 of the Orcish Mines
 27960 | Orc:2    | Noticed an orc warlord
 27996 | Orc:1    | Killed an orc warlord
 28531 | Orc:1    | Found Siudec's Gadget Gallery.
 28535 | Orc:1    | Reached skill level 3 in Slings
 29073 | Orc:2    | Found a staircase to the Elven Halls.
 29168 | Orc:2    | Found Zeseill's General Store.
 29185 | Orc:2    | Found Elach's Distillery.
 29189 | Orc:2    | Reached skill level 15 in Fighting
 29573 | Orc:2    | Reached skill level 14 in Armour
 29668 | Orc:2    | Reached skill level 15 in Invocations
 29682 | Orc:2    | Reached skill level 10 in Dodging
 29690 | Orc:2    | Reached skill level 4 in Slings
 29718 | Orc:2    | Found Wyasis's Jewellery Emporium.
 29718 | Orc:2    | Found a one-way gate leading to the halls of Pandemonium.
 29718 | Orc:2    | Found Raus Kul's Antique Armour Shoppe.
 30761 | Spider:1 | Entered Level 1 of the Spider Nest
 30761 | Spider:1 | Noticed Josephine
 30772 | Spider:1 | Reached skill level 6 in Shields
 30783 | Spider:1 | Killed Josephine
 30784 | Spider:1 | Reached XP level 16. HP: 140/149 MP: 27/27
 30812 | Spider:1 | Noticed Rupert
 31024 | Spider:1 | Killed Rupert
 31063 | Spider:1 | Reached skill level 5 in Slings
 31192 | Spider:1 | Reached skill level 7 in Shields
 31253 | Spider:1 | Noticed Frances
 31270 | Spider:1 | Killed Frances
 31598 | Spider:1 | Reached skill level 16 in Fighting
 31629 | Spider:1 | Reached skill level 16 in Invocations
 31990 | Spider:2 | Reached skill level 6 in Slings
 32309 | Spider:2 | You pick up a book of Pain and begin reading...
 32309 | Spider:2 | You add the spells Pain and Agony to your library.
 32335 | Spider:2 | Reached skill level 8 in Shields
 32833 | Spider:2 | HP: 32/152 [spark wasp (13)]
 34144 | Spider:3 | Reached XP level 17. HP: 160/160 MP: 20/29
 34145 | Spider:3 | Reached skill level 7 in Slings
 34158 | Spider:3 | Reached skill level 9 in Shields
 34170 | Spider:3 | Reached skill level 17 in Invocations
 34219 | Spider:3 | You pick up a book of Burglary and begin reading...
 34219 | Spider:3 | You add the spells Passwall, Ensorcelled Hibernation and
                  | Swiftness to your library.
 34364 | Spider:3 | Found a runed translucent gate.
 34365 | Spider:3 | Found a runed translucent gate.
 34365 | Spider:3 | Identified the +0 robe of Contumacious Joy {rF+ Str+2}
 34365 | Spider:3 | Identified the ring "Oplutilo" {rN+ Int+3}
 34366 | Spider:3 | Found a runed translucent gate.
 34367 | Spider:3 | Noticed Zosacw's ghost (adept HaHu)
 34410 | Spider:3 | Reached skill level 17 in Fighting
 34410 | Spider:3 | Gained mutation: You have hidden genetic defects.
                  | [mutagenic glow]
 34423 | Spider:3 | HP: 29/161 [spark wasp (17)]
 34423 | Spider:3 | HP: 14/161 [spark wasp (15)]
 34424 | Spider:3 | Gained mutation: You are clumsy. (Dex -2) [mutagenic glow]
 34427 | Spider:4 | Entered Level 4 of the Spider Nest
 34449 | Spider:4 | Gained mutation: You have sharp toenails. [mutagenic glow]
 34485 | Spider:4 | You pick up a book of Flames and begin reading...
 34485 | Spider:4 | You add the spells Foxfire, Conjure Flame and Inner Flame
                  | to your library.
 34784 | Spider:4 | Killed Zosacw's ghost
 35308 | Spider:3 | Identified the +0 pair of gloves of the Stallion {Regen+
                  | Int+5 Stlth+}
 35780 | Orc:2    | Bought a runed tower shield for 142 gold pieces
 35795 | Orc:2    | Bought an amulet of reflection for 420 gold pieces
 35804 | Orc:2    | Bought the ring "Peixt" {Will+ Str+2 Int+4} for 624 gold
                  | pieces
 36006 | Shoals:1 | Entered Level 1 of the Shoals
 36065 | Shoals:1 | Reached skill level 8 in Slings
 36065 | Shoals:1 | Reached skill level 10 in Shields
 36073 | Shoals:1 | Gained mutation: You are very clumsy. (Dex -4) [hidden
                  | defects]
 36390 | Shoals:1 | Gained mutation: Your body sometimes deteriorates upon
                  | taking damage. [hidden defects]
 36390 | Shoals:1 | Lost mutation: You have hidden genetic defects. [hidden
                  | defects expressed]
 36516 | Shoals:1 | Lost mutation: You are very clumsy. (Dex -4) [potion of
                  | mutation]
 36516 | Shoals:1 | Lost mutation: You have sharp toenails. [potion of
                  | mutation]
 36516 | Shoals:1 | Lost mutation: You are clumsy. (Dex -2) [potion of
                  | mutation]
 36516 | Shoals:1 | Gained mutation: Your spells are a little harder to cast,
                  | but a little more powerful. [potion of mutation]
 36516 | Shoals:1 | Gained mutation: Your magical capacity is low. (-10% MP)
                  | [potion of mutation]
 36516 | Shoals:1 | Gained mutation: Your system is resistant to poisons.
                  | (rPois) [potion of mutation]
 36516 | Shoals:1 | Gained mutation: You are partially covered in iridescent
                  | scales. (AC +2) [potion of mutation]
 36517 | Shoals:1 | Lost mutation: Your spells are a little harder to cast, but
                  | a little more powerful. [potion of mutation]
 36517 | Shoals:1 | Lost mutation: Your magical capacity is low. (-10% MP)
                  | [potion of mutation]
 36517 | Shoals:1 | Gained mutation: You are weak. (Str -2) [potion of
                  | mutation]
 36517 | Shoals:1 | Gained mutation: Armour fits poorly on your strangely
                  | shaped body. [potion of mutation]
 36517 | Shoals:1 | Gained mutation: You possess an exceptional clarity of
                  | mind. [potion of mutation]
 36518 | Shoals:1 | Lost mutation: Your body sometimes deteriorates upon taking
                  | damage. [potion of mutation]
 36518 | Shoals:1 | Lost mutation: Armour fits poorly on your strangely shaped
                  | body. [potion of mutation]
 36518 | Shoals:1 | Gained mutation: You are somewhat resistant to further
                  | mutation. [potion of mutation]
 36587 | Shoals:1 | HP: 34/163 [water nymph/the raging water (16)]
 36597 | Shoals:1 | HP: 37/163 [drowned by a water nymph (11)]
 36602 | Shoals:1 | HP: 35/163 [harpy (5)]
 37090 | Shoals:2 | Reached skill level 11 in Shields
 37184 | Shoals:2 | You add the spells Irradiate and Spellforged Servitor to
                  | your library.
 37184 | Shoals:2 | Got the Grimoire of Attacks
 37230 | Shoals:2 | Reached skill level 18 in Fighting
 37230 | Shoals:2 | Reached skill level 9 in Slings
 37237 | Shoals:2 | HP: 33/163 [water nymph/the raging water (15)]
 37567 | Shoals:2 | Identified the +4 hand axe "Kiesmyaz" {speed, Contam rPois
                  | Dex+4}
 37571 | Shoals:2 | You add the spells Olgreb's Toxic Radiance, Ozocubu's
                  | Refrigeration and Ignition to your library.
 37607 | Shoals:2 | You pick up a book of Dangerous Friends and begin
                  | reading...
 37607 | Shoals:2 | You add the spells Summon Guardian Golem and Orb of
                  | Destruction to your library.
 37721 | Shoals:2 | Reached XP level 18. HP: 172/172 MP: 23/30
 37745 | Shoals:2 | Found Jegew's Assorted Antiques.
 38213 | Shoals:3 | Noticed Ilsuiw
 38226 | Shoals:3 | You are cast into the Abyss!
 38226 | Shoals:3 | Cast into level 3 of the Abyss (merfolk impaler)
 38227 | Abyss:3  | Found a corrupted altar of Lugonu.
 38402 | Abyss:3  | Noticed a hellephant
 38653 | Abyss:3  | HP: 39/173 [smoke demon] (5)]
 38654 | Abyss:3  | HP: 11/173 [smoke demon/divine providence (14)]
 38655 | Abyss:3  | Killed from afar by a smoke demon

Vanquished Creatures
  Gastronok (Lair:1)
  An orc warlord (Orc:1)
  2 emperor scorpions
  A broodmother (Spider:1)
  An entropy weaver (Spider:2)
  5 spark wasps
  Josephine (Spider:1)
  A merfolk impaler (Shoals:1)
  2 merfolk javelineers
  A great orb of eyes (Abyss:3)
  A jorogumo (Spider:2)
  2 centaur warriors
  12 hydras
  2 merfolk avatars
  2 catoblepae
  A deep troll shaman (Lair:6)
  8 death yaks
  2 two-headed ogres (D:9)
  A satyr (Shoals:3)
  4 thrashing horrors (Abyss:3)
  An orc high priest (Orc:2)
  A sun demon (Orc:2)
  3 pharaoh ants (Spider:2)
  8 sea snakes
  4 steelbarb worms
  4 orb spiders
  A swamp dragon (shapeshifter) (Spider:2)
  Pikel (D:7)
  4 orc knights
  5 harpies (Shoals:1)
  A phantasmal warrior (Abyss:3)
  2 orc sorcerers
  11 fauns
  2 oklob plants (Lair:4)
  13 wolf spiders
  4 manticores
  3 cyclopes
  A moth of wrath (Spider:2)
  A worldbinder (Abyss:3)
  2 black mambas
  4 water nymphs (Shoals:1)
  2 ice statues (IceCv)
  2 smoke demons (Abyss:3)
  2 torpor snails
  9 merfolk sirens
  2 rust devils (Abyss:3)
  11 elephants
  A gargoyle (D:10)
  23 cane toads
  3 rime drakes
  3 anaconda simulacra (IceCv)
  A bunyip simulacrum (Abyss:3)
  An entropy weaver simulacrum (IceCv)
  5 demonic crawlers
  7 ice devils
  13 komodo dragons
  An efreet (Abyss:3)
  2 hellwings (Orc:2)
  An ancient zyme (Abyss:3)
  3 meliai (Spider:2)
  5 trolls
  Grinder (D:3)
  13 merfolk
  3 hornets
  3 wind drakes
  4 polar bears
  A raiju (Abyss:3)
  4 snapping turtles
  6 dream sheep
  17 tarantellas
  Prince Ribbit (D:6)
  A slime creature (D:12)
  26 blink frogs
  3 small abominations (Abyss:3)
  A spriggan (Lair:2)
  18 jumping spiders
  A dire elephant simulacrum (IceCv)
  A flying skull (Abyss:3)
  A water elemental (Shoals:1)
  13 culicivoras
  3 wraiths
  2 ynoxinuls
  2 wyverns
  3 vampires
  66 yaks
  A steam dragon (D:6)
  35 redbacks
  3 basilisks
  2 vampire mosquitoes (D:12)
  A chaos spawn (Abyss:3)
  2 harpy simulacra (IceCv)
  4 wargs
  3 large abominations (Abyss:3)
  12 water moccasins
  2 sky beasts (D:7)
  20 orc warriors
  2 black bears
  A necrophage (Temple)
  8 ogres
  40 wolves
  A phantom (D:6)
  7 centaurs
  A kobold brigand (D:7)
  13 bullfrogs
  4 scorpions
  2 cane toad simulacra (IceCv)
  3 killer bees (D:9)
  9 wights
  An electric eel (Spider:3)
  4 centaur zombies
  A gnoll shaman (D:7)
  4 centaur skeletons
  An iron imp (Abyss:3)
  17 orc priests
  4 jellies
  2 hounds
  A bullfrog skeleton (D:6)
  Natasha (thrice) (D:3)
  4 hell rats (Lair:3)
  7 orc wizards
  5 iguanas
  A spriggan simulacrum (IceCv)
  2 troll simulacra (IceCv)
  2 killer bee zombies
  A hound skeleton (D:5)
  A howler monkey zombie (D:11)
  12 gnolls
  13 adders
  8 river rats (Sewer)
  2 shadow imps
  A white imp (Abyss:3)
  An ufetubus (IceCv)
  2 worms
  3 dart slugs
  58 orcs
  5 bats
  8 endoplasms
  3 giant cockroaches
  9 goblins
  4 hobgoblins
  10 jackals
  5 quokkas
  14 ball pythons
  3 frilled lizards
  18 kobolds
  35 rats
  A spectral orc (D:3)
870 creatures vanquished.

Vanquished Creatures (collateral kills)
  The ghost of Zosacw the Slingshot, an adept HaHu of Okawaru (Spider:4)
  Rupert (Spider:1)
  Frances (Spider:1)
  A reaper (IceCv)
  2 entropy weavers
  3 merfolk impalers (Shoals:2)
  2 boulder beetles
  2 jorogumos
  3 demonspawn (Orc:2)
  A merfolk avatar (Shoals:1)
  4 orc high priests (Orc:2)
  3 sun moths
  3 pharaoh ants
  A steelbarb worm (Spider:1)
  An orb spider (Spider:1)
  A sea snake (Shoals:1)
  2 harpies (Shoals:1)
  An orc knight (Orc:2)
  6 wolf spiders
  5 orc sorcerers (Orc:2)
  A moth of wrath (Spider:1)
  2 cyclopes (Shoals:1)
  4 slime creatures (D:12)
  4 fauns
  6 water nymphs
  2 merfolk sirens
  A torpor snail (Spider:1)
  An orange demon (Orc:2)
  An unseen horror (D:12)
  2 demonic crawlers (Spider:3)
  An anaconda simulacrum (IceCv)
  An ice devil (IceCv)
  2 merfolk
  A meliai (Spider:3)
  2 trolls
  A wind drake (Shoals:2)
  4 dream sheep (Shoals:1)
  7 tarantellas
  A dire elephant simulacrum (IceCv)
  6 culicivoras
  A water elemental (Shoals:1)
  12 jumping spiders
  A vampire (D:12)
  3 wraiths
  18 redbacks
  3 vampire mosquitoes (D:12)
  A harpy simulacrum (IceCv)
  11 orc warriors
  7 orc priests
  13 orcs
164 creatures vanquished.

Vanquished Creatures (others)
  A hell beast (Spider:3)
  A manticore (Shoals:3)
  A tarantella (Spider:2)
  An orc (D:7)
  A bush (Lair:4)
  66 fungi
  135 plants
  4 starspawn tentacles (Abyss:3)
  6 withered plants (D:4)
216 creatures vanquished.

Grand Total: 1250 creatures vanquished

Table legend:
 A = Non-vault XP
 B = Vault XP
 C = Vault XP percentage of total XP
 D = Non-vault monster count
 E = Vault monster count
 F = Vault count percentage of total count
                 A         B        C        D         E       F
            +---------+---------+-------+---------+---------+-------
      Total |  173050 |   83080 |  32.4 |     721 |     315 |  30.4
            +---------+---------+-------+---------+---------+-------
        D:1 |      32 |       3 |   8.6 |      20 |       2 |   9.1
        D:2 |     102 |       0 |   0.0 |      27 |       0 |   0.0
        D:3 |     109 |     343 |  75.9 |      16 |       5 |  23.8
        D:4 |     565 |       0 |   0.0 |      16 |       0 |   0.0
        D:5 |     778 |       0 |   0.0 |      17 |       0 |   0.0
        D:6 |     617 |     457 |  42.6 |      25 |       9 |  26.5
        D:7 |     640 |     802 |  55.6 |      17 |       4 |  19.0
        D:8 |    1971 |       0 |   0.0 |      22 |       0 |   0.0
        D:9 |    2371 |     678 |  22.2 |      11 |      16 |  59.3
       D:10 |    1154 |       0 |   0.0 |       6 |       0 |   0.0
       D:11 |    5344 |       0 |   0.0 |      20 |       0 |   0.0
       D:12 |    8976 |       0 |   0.0 |      32 |       0 |   0.0
     Temple |     125 |       0 |   0.0 |       1 |       0 |   0.0
     Lair:1 |    2114 |    3358 |  61.4 |      11 |      11 |  50.0
     Lair:2 |    7592 |    3226 |  29.8 |      25 |      21 |  45.7
     Lair:3 |    7428 |    6453 |  46.5 |      36 |      19 |  34.5
     Lair:4 |   12420 |    2297 |  15.6 |      35 |       7 |  16.7
     Lair:5 |    3477 |    4068 |  53.9 |      10 |       8 |  44.4
     Lair:6 |    8099 |    9137 |  53.0 |      28 |      19 |  40.4
   Shoals:1 |   25323 |    2683 |   9.6 |      50 |       6 |  10.7
   Shoals:2 |   11678 |    3194 |  21.5 |      24 |       4 |  14.3
   Shoals:3 |    6746 |     735 |   9.8 |      14 |       2 |  12.5
   Spider:1 |   23391 |    9844 |  29.6 |      70 |      19 |  21.3
   Spider:2 |   19283 |    1555 |   7.5 |      53 |       2 |   3.6
   Spider:3 |    9749 |    5996 |  38.1 |      34 |      12 |  26.1
   Spider:4 |    5604 |    4090 |  42.2 |      10 |       4 |  28.6
      Orc:1 |    3915 |     642 |  14.1 |      25 |       1 |   3.8
      Orc:2 |    3447 |   16094 |  82.4 |      40 |      60 |  60.0
    Abyss:3 |       0 |       0 |   N/A |      26 |       0 |   0.0
      Sewer |       0 |     424 | 100.0 |       0 |      59 | 100.0
      IceCv |       0 |    7001 | 100.0 |       0 |      25 | 100.0
            +---------+---------+-------+---------+---------+-------

Illustrated notes

Table legend:
 A = Kills in this place as a percentage of kills in entire the game.
 B = Kills by you in this place as a percentage of kills by you in the entire game.
 C = Kills by friends in this place as a percentage of kills by friends in the entire game.
 D = Other kills in this place as a percentage of other kills in the entire game.
 E = Experience gained in this place as a percentage of experience gained in the entire game.
 F = Experience gained in this place divided by the number of levels of this place that you have seen.
                   A       B       C       D       E      F
               +-------+-------+-------+-------+-------+----------------------
         Total | 100.0 | 100.0 | 100.0 | 100.0 | 100.0 | 8262.3
       Dungeon |  25.6 |  29.1 |   7.3 |   0.0 |   9.7 | 2078.5
        Temple |   0.1 |   0.1 |   0.0 |   0.0 |   0.0 | 125.0
          Lair |  22.2 |  26.4 |   0.0 |   0.0 |  27.2 | 11611.5
        Shoals |   9.7 |   8.0 |  17.7 |  50.0 |  19.7 | 16786.3
   Spider Nest |  19.7 |  15.1 |  43.9 |  50.0 |  31.0 | 19878.0
  Orcish Mines |  12.2 |   9.2 |  28.0 |   0.0 |   9.4 | 12049.0
         Abyss |   2.5 |   3.0 |   0.0 |   0.0 |   0.0 |   0.0
         Sewer |   5.7 |   6.8 |   0.0 |   0.0 |   0.2 | 424.0
      Ice Cave |   2.4 |   2.3 |   3.0 |   0.0 |   2.7 | 7001.0
               +-------+-------+-------+-------+-------+----------------------

Table legend: (Time is in decaauts)
 A = Elapsed time spent in this place.
 B = Non-inter-level travel time spent in this place.
 C = Inter-level travel time spent in this place.
 D = Time resting spent in this place.
 E = Time spent auto-exploring this place.
 F = Levels seen in this place.
 G = Mean time per level.
                   A        B        C        D        E       F      G
               +--------+--------+--------+--------+--------+-----+--------+
         Total |  38809 |  37105 |   1704 |   5400 |  22195 |  31 | 1251.9 |
       Dungeon |  13794 |  13088 |    706 |    576 |  10140 |  12 | 1149.5 |
        Temple |    362 |    305 |     57 |      0 |    262 |   1 |  362.0 |
          Lair |  12476 |  11875 |    601 |   1904 |   7735 |   6 | 2079.3 |
        Shoals |   2392 |   2299 |     93 |    141 |    954 |   3 |  797.3 |
   Spider Nest |   4570 |   4503 |     67 |   1477 |   1214 |   4 | 1142.5 |
  Orcish Mines |   2499 |   2320 |    179 |    555 |   1049 |   2 | 1249.5 |
         Abyss |    432 |    432 |      0 |      0 |      0 |   1 |  432.0 |
         Sewer |   1186 |   1186 |      0 |    115 |    721 |   1 | 1186.0 |
      Ice Cave |   1094 |   1094 |      0 |    632 |    118 |   1 | 1094.0 |
               +--------+--------+--------+--------+--------+-----+--------+

Top non-repeatable levels by time:
  Lair:2: 2782 daAuts
  Lair:1: 2550 daAuts
  Lair:4: 2290 daAuts
  Lair:3: 2258 daAuts
Spider:1: 1851 daAuts
     D:9: 1732 daAuts
   Orc:2: 1561 daAuts
     D:1: 1405 daAuts
  Lair:5: 1387 daAuts
     D:6: 1324 daAuts
     D:4: 1314 daAuts
Spider:2: 1294 daAuts
     D:2: 1278 daAuts
     D:3: 1271 daAuts
  Lair:6: 1205 daAuts
